AoeStats
← Red Calypso

Arena

508762895Analyzed
4v4 RM · 8d ago on Sep 23, 2026· 34m 0s· 8 players
Game mode
Random Map
Map size
Large (8 player)
Population
200
Speed
Normal
Resources
Standard
Victory
Conquest
Starting age
Dark Age
Ending age
Imperial Age
RankedLock teamsTeams togetherTeam positionsShared explorationLock speedFull tech treeHidden civsTurbo modeCheats
Victory
Defeat
🇩🇪 Portuguese · Germany
1490
+12
🇩🇪 Goths · Germany
1410
+15
🇩🇪 Italians · Germany
1408
+15
🇦🇹 Saracens · Austria
1333
+19
🇩🇰 Vietnamese · Denmark
1421
-16
🇧🇪 Magyars · Belgium
1408
-16
🇵🇾 Malay · Paraguay
1400
-16
🇵🇾 Persians · Paraguay
1345
-13
[LegendB] deadboi
11:05 Feudal Age
9:23 Loom
14:48 Castle Age
13:13 Double-Bit Axe
13:45 Horse Collar
25:42 Imperial Age
24:10 Scale Barding Armor
25:29 Chain Barding Armor
27:30 Plate Barding Armor
28:21 Wheelbarrow
30:24 Fletching
31:30 Bow Saw
33:18 Bodkin Arrow
34:19 Parthian Tactics
Lookass
10:09 Feudal Age
11:10 Loom
13:59 Wheelbarrow
16:06 Castle Age
14:15 Double-Bit Axe
15:15 Horse Collar
Garcheke514_
9:52 Feudal Age
14:21 Castle Age
12:37 Horse Collar
12:46 Double-Bit Axe
15:19 Bow Saw
23:27 Loom
24:19 Wheelbarrow
23:31 Town Watch
24:14 Gold Mining
24:16 Stone Mining
28:56 Imperial Age
30:40 Chemistry
30:11 Parthian Tactics
29:06 Heavy Cavalry Archer
29:25 Pikeman
30:05 Squires
30:07 Padded Archer Armor
30:20 Heavy Scorpion
31:09 Heavy Plow
DonNarko
11:12 Feudal Age
11:55 Loom
15:01 Castle Age
13:16 Double-Bit Axe
13:47 Horse Collar
16:48 Wheelbarrow
18:44 Gold Mining
23:21 Stone Mining
24:06 Gold Shaft Mining
25:07 Hand Cart
28:55 Imperial Age
27:10 Fletching
27:21 Padded Archer Armor
27:33 Bow Saw
27:24 Heavy Plow
27:51 Ballistics
27:20 Crossbowman
28:17 Bodkin Arrow
28:23 Arbalester
31:03 Chemistry
30:27 Masonry
30:48 Bracer
31:38 Leather Archer Armor
31:56 Thumb Ring
32:17 Conscription
Red Calypso
11:16 Feudal Age
14:48 Castle Age
12:44 Double-Bit Axe
13:04 Horse Collar
16:39 Loom
17:21 Horse Collar
23:41 Wheelbarrow
23:17 Atonement
28:25 Imperial Age
27:42 Bow Saw
27:35 Heavy Plow
27:27 Gold Mining
29:33 Scale Barding Armor
29:38 Forging
29:40 Town Watch
31:00 Chain Barding Armor
32:26 Plate Barding Armor
32:52 Iron Casting
33:12 Block Printing
33:28 Husbandry
33:39 Bloodlines
35:25 Two-Man Saw
LukasPlanet
9:58 Feudal Age
14:09 Castle Age
12:00 Double-Bit Axe
11:56 Horse Collar
15:07 Bow Saw
15:03 Heavy Plow
20:28 Wheelbarrow
21:58 Gold Mining
22:56 Loom
23:26 Hand Cart
22:56 Town Watch
23:32 Hand Cart
23:54 Stone Mining
24:19 Loom
24:19 Town Watch
27:48 Imperial Age
25:44 Town Patrol
26:27 Fletching
26:38 Padded Archer Armor
27:02 Ballistics
27:08 Bodkin Arrow
28:10 Stone Shaft Mining
27:58 Thumb Ring
28:36 Bracer
28:51 Leather Archer Armor
29:39 Chemistry
29:56 Two-Man Saw
29:28 Crop Rotation
29:54 Elite Genoese Crossbowman
31:14 Conscription
vR-MrReD
7:30 Loom
10:03 Feudal Age
12:21 Double-Bit Axe
14:45 Castle Age
12:57 Horse Collar
13:07 Gold Mining
21:47 Wheelbarrow
23:54 Gold Mining
23:54 Stone Mining
25:53 Heavy Plow
27:31 Hand Cart
27:57 Scale Mail Armor
28:07 Forging
28:05 Arson
29:00 Chain Mail Armor
31:40 Imperial Age
31:02 Stone Shaft Mining
29:52 Pikeman
31:09 Iron Casting
31:45 Halberdier
31:54 Capped Ram
33:38 Plate Mail Armor
33:14 Town Watch
33:43 Bow Saw
34:38 Blast Furnace
33:53 Town Patrol
34:25 Crop Rotation
Aremenius
12:11 Feudal Age
12:57 Double-Bit Axe
15:54 Castle Age
13:45 Horse Collar
18:29 Bow Saw
24:17 Wheelbarrow
29:07 Imperial Age
27:20 Scale Mail Armor
27:49 Anarchy
29:31 Chain Mail Armor
28:56 Pikeman
29:36 Squires
Connection lost

Rejoining the realm…

Still unreachable

The connection could not be restored.

Session expired

The server has moved on; the page needs a fresh start.